 Dungeon Crawl Stone Soup version 0.19.0-2-gae57169 (webtiles) character file.

60 Duralumin the Chopper (level 3, 0/27 HPs)
             Began as a Mummy Gladiator on Nov 6, 2016.
             Slain by a gnoll
             ... wielding a +0 halberd
              (9 damage)
             ... on level 2 of the Dungeon.
             The game lasted 00:02:25 (1309 turns).

Duralumin the Chopper (Mummy Gladiator)             Turns: 1309, Time: 00:02:26

Health: 0/27       AC:  7    Str: 19    XL:     3   Next: 82%
Magic:  3/3        EV: 10    Int:  7    God:
Gold:   127        SH:  0    Dex: 12    Spells: 0 memorised, 2 levels left

rFire  x . .     SeeInvis .     a - +0 war axe
rCold  + + .     Gourm    .     h - +0 scale mail {rC+}
rNeg   + + +     Faith    .     (no shield)
rPois  ∞         Spirit   .     c - +0 helmet
rElec  .         Reflect  .     (no cloak)
rCorr  .         Harm     .     (no gloves)
MR     .....     Rnd*Tele +     (no boots)
Stlth  ..........               (no amulet)
                                (no ring)
                                f - ring of teleportation (curse)

@: no status effects
A: no food or potions, fire vulnerability, cold resistance 1, negative energy
resistance 3, torment resistance, unbreathing
a: no special abilities


You were on level 2 of the Dungeon.
You were not hungry.

You visited 1 branch of the dungeon, and saw 2 of its levels.

You collected 127 gold pieces.

Inventory:

Hand Weapons
 a - a +0 war axe (weapon)
Missiles
 d - 3 throwing nets (quivered)
Armour
 b - a +0 leather armour
 c - a +0 helmet (worn)
 h - a +0 scale mail of cold resistance (worn)
Jewellery
 f - a cursed ring of teleportation (left hand)
Scrolls
 e - 4 scrolls of identify {unknown}
 g - a scroll of blinking {unknown}
 i - a scroll of enchant weapon {unknown}
 j - a scroll of random uselessness {unknown}
 k - a scroll of teleportation {unknown}
 l - a scroll of fog {unknown}


   Skills:
 - Level 2.0 Fighting
 + Level 3.9 Axes
 - Level 1.5 Throwing
 - Level 2.4 Dodging


You had 2 spell levels left.
You didn't know any spells.

Dungeon Overview and Level Annotations

Branches:
Dungeon (2/15)

Altars:


Innate Abilities, Weirdness & Mutations

You do not eat or drink.
Your flesh is vulnerable to fire.
You are immune to poison.
Your flesh is cold resistant. (rC+)
You are immune to negative energy. (rN+++)
You are immune to unholy pain and torment.
You can survive without breathing.


Message History

A gnoll comes into view. It is wielding a flail.
The hobgoblin shouts!
The adder hisses angrily.
You hear a shout! x4
The hobgoblin hits you with a club.
A goblin comes into view. It is wielding a dagger.
Your scale mail prevents you from hitting the hobgoblin.
The hobgoblin hits you but does no damage.
You slash the hobgoblin!
You kill the hobgoblin!
The gnoll hits you with a halberd!
Ouch! That really hurt!
* * * LOW HITPOINT WARNING * * *
You see here a club.
The gnoll hits you from afar with a halberd.
* * * LOW HITPOINT WARNING * * *
You see here a club.
You see here a bubbling golden potion.
There is a stone staircase leading up here.
You see here a short sword.
The gnoll hits you from afar with a halberd!
You die...

...(...#........÷...#.......#
.[.....#..........#.#.#.#.####
##................#.#.###....#
###...########.###.#.S.gg...#
#...# #.......#.#####g.†.#
####...####.......'.# #....#
.....#........>)).### #....#
####.#.###.....†(.# #.S..#
#...#.#...###.#M########g...#
##.#...#.### #.#>!g...g.#....#
#......#.# #.#..S......)...#
#..##.†#'#####.#...........###
#(.............#...........#
#(#####........#...........#
#(# #.......<..##....##....#
#.###.#.......###...>#######
#.)...#.......# #....#


You could see 2 gnolls and an adder.

Vanquished Creatures
  An ooze (D:2)
  A worm (D:2)
  3 dart slugs (D:1)
  2 leopard geckos
  2 bats
  3 giant cockroaches (D:1)
  3 goblins (D:1)
  12 hobgoblins
  A quokka (D:2)
  A ball python (D:2)
  2 frilled lizards (D:1)
  7 kobolds
  4 rats
42 creatures vanquished.

Notes
Turn   | Place    | Note
-------+----------+-------------------------------------------
     0 | D:1      | Duralumin the Mummy Gladiator began the quest for the Orb.
     0 | D:1      | Reached XP level 1. HP: 16/16 MP: 1/1
    81 | D:1      | Reached XP level 2. HP: 15/22 MP: 2/2
    97 | D:1      | Reached skill level 3 in Axes
   707 | D:1      | Reached XP level 3. HP: 17/27 MP: 3/3
  1309 | D:2      | Slain by a gnoll

Skill      XL: |  1  2 |
---------------+-------+-----
Axes           | 3 |  3.9
Fighting       | |  2.0
Throwing       | |  1.5
Dodging        | |  2.4

Action                   || total
-------------------------++-------
Melee: War axe           ||   110
Armor: Leather armour    ||    19
       Scale mail        ||    17
Dodge: Dodged            ||    78
